 Dungeon Crawl Stone Soup version 0.24-a0-251-g44e327e (webtiles) character file.

Game seed: 17950392100916706367

62 Borgoz the Cutter (level 4, -2/27 HPs)
             Began as a Kobold Gladiator on Apr 16, 2019.
             Was an Initiate of Ashenzari.
             Blown up by Ijyb (14 damage)
             ... with a wand of disintegration (13)
             ... on level 3 of the Dungeon.
             The game lasted 00:01:35 (1654 turns).

Borgoz the Cutter (Kobold Gladiator)                Turns: 1654, Time: 00:01:36

Health: -2/27      AC:  4    Str: 12    XL:     4   Next: 28%
Magic:  4/4        EV: 22    Int:  9    God:    Ashenzari [......]
Gold:   99         SH:  0    Dex: 21    Spells: 3/3 levels left

rFire    . . .     SeeInvis .   a - +0 rapier
rCold    . . .     Gourm    .   (shield restricted)
rNeg     . . .     Faith    .   b - +0 leather armour
rPois    .         Spirit   .   c - +0 helmet
rElec    .         Reflect  .   (no cloak)
rCorr    .         Harm     .   (no gloves)
MR       .....                  (no boots)
Stlth    +++.......             (no amulet)
HPRegen  0.09/turn              (no ring)
MPRegen  0.09/turn              (no ring)

@: agile, lethally poisoned (-2 -> -18)
A: small, carnivore
a: Curse Item, Renounce Religion


You were on level 3 of the Dungeon.
You worshipped Ashenzari.
Ashenzari was noncommittal.
You were completely stuffed.

You visited 1 branch of the dungeon, and saw 3 of its levels.

You collected 99 gold pieces.

Inventory:

Hand Weapons
 a - a +0 rapier (weapon)
Missiles
 d - 3 throwing nets (quivered)
Armour
 b - a +0 leather armour (worn)
 c - a +0 helmet (worn)
Jewellery
 j - a +2 ring of protection
Wands
 s - a wand of iceblast (9)
Scrolls
 e - 3 scrolls of identify {unknown}
 i - a scroll of fear {unknown}
 k - 2 scrolls of remove curse
 m - a scroll of amnesia {unknown}
 o - a scroll of enchant weapon {unknown}
 p - 2 scrolls of fog {unknown}
 q - a scroll of blinking {unknown}
 r - a scroll of random uselessness {unknown}
Potions
 g - a potion of heal wounds
 h - a potion of flight {unknown}
 l - a potion of agility
Comestibles
 f - 6 rations


   Skills:
 + Level 2.7 Fighting
 + Level 5.3 Short Blades
 + Level 2.2 Throwing
 + Level 0.3 Armour
 + Level 4.2 Dodging
 + Level 0.4 Stealth


You had 3 spell levels left.
You didn't know any spells.
Your spell library was empty.

Dungeon Overview and Level Annotations

Branches:
Dungeon (3/15)

Altars:
Ashenzari
Yredelemnul

Annotations:
D:3 Ijyb


Innate Abilities, Weirdness & Mutations

You are small and have problems with some larger weapons.
You are carnivorous and can eat meat at any time.


Message History

Ijyb is lightly wounded.
You feel sick. Ijyb completely misses you.
You hit Ijyb.
Ijyb is moderately wounded.
You feel sick.
Ijyb zaps a wand.
You barely resist. You closely miss Ijyb.
Ijyb is moderately wounded.
You feel sick.
You hit Ijyb but do no damage.
Ijyb is moderately wounded.
You feel sick. Ijyb hits you but does no damage.
You are lethally poisoned!
You hit Ijyb.
Ijyb is moderately wounded.
You feel sick. Ijyb closely misses you.
You hit Ijyb but do no damage.
Ijyb is moderately wounded.
You feel sick.
Ijyb zaps a wand.
You are blasted!
Ouch! That really hurt!
You die...

##.##### ######.#### #########.#
#....# #.......#.## ####.#
##(##+##.#..## ####### #.#
#..#...#.....# #.....# #.#
...#.........# #.....# #.#
####....#.#..# #.....# #.#
#⌠.#.+##.⌠#..###.....# #.#
#.........#.....@g...# #.#
##.......###.#.###.#.# #.#
.#.......#...#.......## #.#
.+..._...+...#........######.#
.#...........#.....#.......#.#
.#........####........#......#
#..................#..#.##.###
#⌠.##+.#.⌠#..###........##<######
####...####..# #......####.##...#


You could see Ijyb.

Vanquished Creatures
  2 adders (D:2)
  A worm (D:2)
  A leopard gecko (D:2)
  3 orcs (D:3)
  2 ball pythons
  A giant cockroach (D:2)
  3 goblins
  7 hobgoblins
  A quokka (D:2)
  4 bats
  3 frilled lizards
  3 kobolds
  5 rats
36 creatures vanquished.

Notes
Turn   | Place    | Note
-------+----------+-------------------------------------------
     0 | D:1      | Borgoz the Kobold Gladiator began the quest for the Orb.
     0 | D:1      | Reached XP level 1. HP: 12/12 MP: 1/1
   210 | D:1      | Reached XP level 2. HP: 18/18 MP: 2/2
   591 | D:2      | Found a basalt altar of Yredelemnul.
   687 | D:2      | Reached XP level 3. HP: 22/22 MP: 3/3
   952 | D:2      | Reached skill level 5 in Short Blades
  1088 | D:2      | Found a faded altar of an unknown god.
  1100 | D:2      | Reached XP level 4. HP: 22/27 MP: 4/4
  1231 | D:3      | Found a shattered altar of Ashenzari.
  1254 | D:3      | Became a worshipper of Ashenzari the Shackled
  1640 | D:3      | Noticed Ijyb
  1654 | D:3      | Blown up by Ijyb

Levels and vault maps discovered:
D:1:      shiori_arrival_oz, layout_rooms
D:2:      layout_rooms, old_standard_altar, chequers_ecumenical_altar_simple,
          first_ration
D:3:      layout_loops_cross, evilmike_ruin_ashenzari,
          nicolae_overflow_hidden_temple, uniq_ijyb

Skill      XL: |  1  2  3 |
---------------+----------+-----
Dodging        | 4 |  4.2
Short Blades   | 5 |  5.3
Fighting       | |  2.7
Throwing       | |  2.2
Armour         | |  0.3
Stealth        | |  0.4

Action                   |  1- 3 |  4- 6 || total
-------------------------+-------+-------++-------
Melee: Rapier            |    73 |    34 ||   107
  Use: Potion            |     1 |     2 ||     3
 Stab: Sleeping          |     4 |       ||     4
  Eat: Chunk             |     7 |     4 ||    11
Armor: Leather armour    |    10 |     5 ||    15
Dodge: Dodged            |    38 |    22 ||    60

Table legend:
 A = Non-vault XP
 B = Vault XP
 C = Vault XP percentage of total XP
 D = Non-vault monster count
 E = Vault monster count
 F = Vault count percentage of total count
                 A         B        C        D         E       F
            +---------+---------+-------+---------+---------+-------
      Total |      85 |       4 |   4.5 |      34 |       2 |   5.6
            +---------+---------+-------+---------+---------+-------
        D:1 |      13 |       4 |  23.5 |       9 |       2 |  18.2
        D:2 |      55 |       0 |   0.0 |      17 |       0 |   0.0
        D:3 |      17 |       0 |   0.0 |       8 |       0 |   0.0
            +---------+---------+-------+---------+---------+-------
